 Dungeon Crawl Stone Soup version 0.16-a0-51-g3cd7026 (webtiles) character file.

109 HiobMontag the Vexing (level 4, -1/41 HPs)
             Began as an Ogre Arcane Marksman on Aug 6, 2014.
             Slain by Natasha (3 damage)
             ... on Level 2 of the Dungeon.
             The game lasted 00:17:17 (2589 turns).

HiobMontag the Vexing (Ogre Arcane Marksman)        Turns: 2589, Time: 00:17:17

HP  -1/41        AC  3     Str 14      XL: 4   Next: 90%
MP   6/8         EV 10     Int 13      God:
Gold 167         SH  0     Dex  9      Spells:  3 memorised,  1 level left

rFire  . . .     SeeInvis .     b - +1 shortbow
rCold  . . .     Clarity  .     a - +0 robe
rNeg   . . .     rCorr    .     (shield restricted)
rPois  .         rRot     .     (helmet restricted)
rElec  .         Spirit   .     (no cloak)
SustAb .         Warding  .     (gloves unavailable)
rMut   .         Stasis   .     (boots unavailable)
Gourm  .                        (no amulet)
MR     .....                    (no ring)
                                (no ring)

@: very slightly contaminated, slowed, very slow, not resistant to hostile
enchantments, very unstealthy
A: unfitting armour, antennae 1, tough skin 1, weak 1, wild magic 1
a: no special abilities


You were on level 2 of the Dungeon.
You were not hungry.

You visited 1 branch of the dungeon, and saw 3 of its levels.

You collected 167 gold pieces.

Inventory:

Hand weapons
 b - a +1 shortbow (weapon)
 o - a +0 blowgun
Missiles
 c - 27 arrows (quivered)
 e - 7 poisoned needles
 m - 9 stones
 t - 4 tomahawks
Armour
 a - a +0 robe (worn)
Comestibles
 f - a meat ration
 g - 2 bread rations
 h - a chunk of orc flesh
 j - 3 fruits
Scrolls
 i - a scroll of recharging
 l - 2 scrolls of remove curse
 v - a scroll of identify {unknown}
Jewellery
 n - an uncursed ring of protection from cold {unknown}
 r - a cursed ring of teleportation {unknown}
 u - a +3 ring of intelligence {unknown}
Potions
 k - a potion of brilliance {unknown}
 p - a potion of curing
 q - a potion of invisibility {unknown}
Books
 d - a book of Debilitation

   Spells                             Type                      Level
   *Corona                            Hexes                        1
   *Slow                              Hexes                        2
   *Inner Flame                       Hexes/Fire                   3
   Enslavement                        Hexes                        4
   Cause Fear                         Hexes                        4
   Leda's Liquefaction                Hexes/Earth                  4


   Skills:
 + Level 1.3 Fighting
 + Level 2.5 Bows
 + Level 2.1 Dodging
 + Level 2.4 Spellcasting
 + Level 2.8 Hexes


You had one spell level left.
You knew the following spells:

 Your Spells              Type           Power        Failure   Level  Hunger
a - Corona                Hex            ##.....      19%         1    #......
b - Slow                  Hex            ##......     26%         2    ###....
c - Inner Flame           Hex/Fire       #.......     54%         3    ####...


Dungeon Overview and Level Annotations

Branches:
Dungeon (3/15)

Altars:
Xom
The Shining One

Annotations:
D:2 Natasha
D:3 Terence


Innate Abilities, Weirdness & Mutations

You are too large for most types of armour.
You have tough skin (AC +1).
You have a pair of small antennae on your head.
You are weak. (Str -2)
Your spells are a little harder to cast, but a little more powerful.


Message History

* * * LOW HITPOINT WARNING * * *
Some of the chunks of flesh in your inventory have rotted away.
Firing (i - inventory. (,) - cycle):
c - 29 arrows (quivered)
Press: ? - help, Shift-Dir - straight line, f/p - shadow imp
Aim: a shadow imp (lightly wounded, summoned)
You shoot an arrow. The arrow hits the shadow imp.
The shadow imp is heavily wounded.
Natasha stares at you and mumbles some strange words.
The magic dart hits you!
* * * LOW HITPOINT WARNING * * *
The shadow imp closely misses you.
Natasha stares at you and mumbles some strange words.
The magic dart hits you!
* * * LOW HITPOINT WARNING * * *
The shadow imp barely misses you.
Firing (i - inventory. (,) - cycle):
c - 28 arrows (quivered)
Press: ? - help, Shift-Dir - straight line, f/p - shadow imp
Aim: a shadow imp (heavily wounded, summoned)
You shoot an arrow. The arrow barely misses the shadow imp.
Natasha claws you.
You die...

##.####...#####..##.....#.#
##.####.#.#####(.########.#
......#.#.................#
##.##.#.#.#####..##########
##<##.#.#...# #..###
..###.#.#.#.# ##>..# #.#
#.#.#.#.# #.### #.#
#.#.#.#.## #h# #.#
#........# #@# #.#
#.##.##..# #5#
#.###....##..###.#
......#..).....%(#
#)###.#.########## #.#
#...# ..# ##### ###


You could see Natasha and a shadow imp.

Vanquished Creatures
  An orc wizard (D:3)
  2 adders (D:3)
  2 oozes
  9 orcs
  A ball python (D:1)
  4 bats
  5 giant cockroaches
  2 hobgoblins
  2 jackals (D:2)
  12 kobolds
  2 giant geckos (D:2)
  4 giant newts
  3 goblins
  3 rats
52 creatures vanquished.

Notes
Turn   | Place    | Note
--------------------------------------------------------------
     0 | D:1      | HiobMontag, the Ogre Arcane Marksman, began the quest for the Orb.
     0 | D:1      | Reached XP level 1. HP: 19/19 MP: 2/2
   132 | D:1      | Reached XP level 2. HP: 25/27 MP: 1/3
   350 | D:1      | Learned a level 2 spell: Slow
  1034 | D:2      | Reached XP level 3. HP: 33/33 MP: 1/5
  1228 | D:2      | Found a glowing golden altar of the Shining One.
  1570 | D:3      | Learned a level 3 spell: Inner Flame
  1817 | D:3      | Reached XP level 4. HP: 38/41 MP: 1/7
  1845 | D:3      | HP: 1/41 [orc wizard/magic dart (9)]
  1848 | D:3      | Gained mutation: Your spells are a little harder to cast, but a little more powerful. [potion of mutation]
  1848 | D:3      | Gained mutation: You have a pair of small antennae on your head. [potion of mutation]
  1848 | D:3      | Gained mutation: You are weak. (Str -2) [potion of mutation]
  1932 | D:3      | Found a shimmering altar of Xom.
  2144 | D:3      | Noticed Natasha
  2425 | D:3      | Noticed Terence
  2588 | D:2      | HP: 2/41 [Natasha/magic dart (5)]
  2589 | D:2      | Slain by Natasha

Action                   |  1- 3 |  4- 6 || total
-------------------------+-------+-------++-------
 Fire: Shortbow          |   131 |    62 ||   193
 Cast: Corona            |    45 |    10 ||    55
       Slow              |    12 |     4 ||    16
  Use: Scroll            |     7 |       ||     7
       Potion            |     2 |     2 ||     4
  Eat: Chunk             |     3 |     2 ||     5
       Pizza             |     1 |     1 ||     2
